[Event "*** Titled Tuesday Blitz"]
[Site "Chess.com"]
[Date "2021.03.16"]
[Round "11"]
[White "kreonx"]
[Black "HackingKid98"]
[Result "1/2-1/2"]
[WhiteElo "2339"]
[BlackElo "2433"]
[TimeControl "180+1"]
[EndTime "12:04:44 PDT"]
[Termination "Game drawn by repetition"]

1. e4 a6 2. b4 b5 3. c4 Bb7 4. Nc3 e6 5. a3 bxc4 6. Bxc4 c5 7. b5 axb5 8. Bxb5 Nf6 9. d3 Be7 10. Nf3 O-O 11. O-O d5 12. e5 Nfd7 13. Re1 Nc6 14.
Bxc6 Bxc6 15. d4 Qb6 16. Be3 c4 17. Qc2 Qa5 18. Ng5 Bxg5 19. Bxg5 Rfb8 20. Be7 Rb3 21.
Bb4 Rxb4 22. axb4 Qxa1 23. Rxa1 Rxa1+ 24. Nb1 c3 25. h4 Ba4 26. Qxc3 Rxb1+ 27. Kh2 h5 28.
Qa3 Nb6 29. Qc3 Nc4 30. f3 Rb3 31. Qc1 Rxb4 32. Qg5 g6 33. Qd8+ Kg7 34. Qf6+ Kf8 35. Qd8+ Kg7 36. Qf6+ Kg8 37. Qd8+ Kg7 1/2-1/2

[Event "*** Titled Tuesday Blitz"]
[Site "Chess.com"]
[Date "2021.03.16"]
[Round "11"]
[White "MuhittinBuker"]
[Black "rachidhuilda"]
[Result "1-0"]
[WhiteElo "2201"]
[BlackElo "2272"]
[TimeControl "180+1"]
[EndTime "12:04:45 PDT"]
[Termination "MuhittinBuker won on time"]

1. d4 Nf6 2. c4 c5 3. Nc3 e6 4. e3 d5 5. cxd5 exd5 6. Nf3 Nc6 7.
Bb5 a6 8. Bxc6+ bxc6 9. a3 Bd6 10.
O-O O-O 11. dxc5 Bxc5 12. b4 Bd6 13. Bb2 a5 14. b5 c5 15. a4 Be6 16. Qd2 Qb6 17.
Rfd1 Rfd8 18. Rac1 Rac8 19. h3 h6 20. Ne2 Ne4 21. Qc2 Bb8 22. Nc3 Ng5 23. Nxg5 hxg5 24.
Ne2 g4 25. h4 Qd6 26. g3 Qe7 27. Qc3 f6 28. Qxa5 Be5 29. Qd2 Qf7 30. Nf4 Bf5 31. a5 Be4 32. b6 Qb7 33. Ba3 c4 34. Ne2 Bf3 35. Re1 Qa6 36. Nd4 Bxd4 37. exd4 Ra8 38. Bb4 Qb5 39. Bc3 Qd7 40. Ra1 Ra6 41. Rab1 Rda8 42.
Qf4 Qb7 43. Qd6 Rc8 44. Re7 Be4 45. Qe6+ Kh7 46. Rxb7 1-0

[Event "*** Titled Tuesday Blitz"]
[Site "Chess.com"]
[Date "2021.03.16"]
[Round "11"]
[White "SharapovEvgeny"]
[Black "xberli"]
[Result "0-1"]
[WhiteElo "2475"]
[BlackElo "2603"]
[TimeControl "180+1"]
[EndTime "12:04:48 PDT"]
[Termination "xberli won by resignation"]

1. c4 Nf6 2. Nc3 g6 3. g3 Bg7 4. Bg2 O-O 5. e3 c6 6. Nge2 d5 7. cxd5 Nxd5 8. Nxd5 cxd5 9. d4 Nc6 10. O-O e6 11. Bd2 Ne7 12. Rc1 Nf5 13. Qb3 h5 14. Rc2 h4 15. Rfc1 b6 16. Nf4 Ba6 17. Bb4 Re8 18. Qc3 Qg5 19. Qd2 Rac8 20. Rxc8 Rxc8 21.
Rxc8+ Bxc8 22. Qc2 Ba6 23. Qc7 hxg3 24. hxg3 Nxg3 25. fxg3 Qxg3 26. Bd2 Qg4 27. Qc2 Bf6 28. Qc1 g5 29. Nh3 Qf5 30. Nf2 Be7 31. Qd1 Bc8 32.
b3 Bd6 33. Be1 Kf8 34. Qe2 Qb1 35. Nd3 Ba6 36. Bf1 Bxd3 37. Qxd3 Qxe1 38. Qe2 Qg3+ 39. Qg2 Qxe3+ 0-1

[Event "*** Titled Tuesday Blitz"]
[Site "Chess.com"]
[Date "2021.03.16"]
[Round "11"]
[White "DonBroca"]
[Black "DanilovVladimir"]
[Result "1-0"]
[WhiteElo "2234"]
[BlackElo "2389"]
[TimeControl "180+1"]
[EndTime "12:04:48 PDT"]
[Termination "DonBroca won by checkmate"]

1. e4 e5 2. Nf3 Nc6 3. Bb5 a6 4. Ba4 Nf6 5. O-O b5 6. Bb3 Be7 7. Re1 O-O 8. h3 Bb7 9. c3 d5 10. exd5 Nxd5 11. d4 exd4 12. Nxd4 Nxd4 13. Qxd4 Bf6 14.
Qd3 Qd6 15. Nd2 Qc6 16. Bxd5 Qxd5 17. Qxd5 Bxd5 18. Ne4 Be7 19. Bf4 f5 20. Ng5 Bf6 21. Ne6 Bxe6 22. Rxe6 c5 23. Bd6 Rfc8 24. Rae1 b4 25. Be5 Bxe5 26. R1xe5 g6 27. cxb4 cxb4 28. Rb6 Rc2 29. Re7 Rd8 30. Rxb4 Kf8 31. Rbb7 Rd1+ 32. Kh2 Rdd2 33. Rxh7 Kg8 34. Rbg7+ Kf8 35. Ra7 Ke8 36.
Rh8# 1-0

[Event "*** Titled Tuesday Blitz"]
[Site "Chess.com"]
[Date "2021.03.16"]
[Round "11"]
[White "vinniethepooh"]
[Black "1977Ivan"]
[Result "0-1"]
[WhiteElo "2703"]
[BlackElo "2812"]
[TimeControl "180+1"]
[EndTime "12:04:50 PDT"]
[Termination "1977Ivan won by resignation"]

1. d4 d5 2. c4 e6 3. Nc3 Nc6 4. Nf3 Bb4 5. Bg5 Nge7 6. e3 f6 7. Bh4 h5 8. Bg3 Nf5 9. Bd3 dxc4 10. Bxf5 exf5 11. d5 Bxc3+ 12. bxc3 Ne7 13. d6 cxd6 14.
Qxd6 Qxd6 15. Bxd6 Nd5 16. Kd2 Kf7 17. Nd4 Rd8 18.
Ba3 Bd7 19. Rab1 b6 20. h4 a5 21. Bd6 Ba4 22. Bg3 Kg6 23. Rb2 b5 24. a3 b4 25. axb4 axb4 26. Rxb4 Nxb4 27. cxb4 Be8 28. Rc1 Ra2+ 29. Rc2 Rxc2+ 30. Kxc2 Ra8 31. Kc3 Bf7 32. b5 Ra3+ 33. Kb4 Rd3 34. b6 Bd5 35. Kc5 c3 36. Kxd5 c2 37. b7 c1=Q 38. b8=Q Qd1 39. Qe8+ Kh7 40.
Qxh5+ Qxh5 0-1

[Event "*** Titled Tuesday Blitz"]
[Site "Chess.com"]
[Date "2021.03.16"]
[Round "11"]
[White "ViktoriyaTarasova"]
[Black "QuintilianoR"]
[Result "1-0"]
[WhiteElo "2403"]
[BlackElo "2697"]
[TimeControl "180+1"]
[EndTime "12:04:50 PDT"]
[Termination "ViktoriyaTarasova won on time"]

1. d4 Nf6 2. c4 e6 3. Nc3 Bb4 4. Nf3 b6 5. e3 Bb7 6. Bd3 O-O 7.
O-O d5 8. cxd5 exd5 9. Ne5 Nbd7 10. f4 a6 11. g4 Bd6 12. g5 Ne4 13. Qh5 g6 14. Qh6 Qe7 15. Nxe4 dxe4 16. Bc4 Kh8 17. Bd2 b5 18. Bb3 Nb6 19. Rac1 Bd5 20. Bd1 Rg8 21. Ng4 Nd7 22. Bc3 Raf8 23. a3 f6 24.
gxf6 Nxf6 25. Nxf6 Rxf6 26. Qh3 Rf5 27. Kh1 Qf6 28. Bg4 Be6 29. Bxf5 Bxf5 30. Qg2 g5 31. Rg1 g4 32. d5 1-0

[Event "*** Titled Tuesday Blitz"]
[Site "Chess.com"]
[Date "2021.03.16"]
[Round "11"]
[White "InitiatingASC"]
[Black "politeplayer"]
[Result "1-0"]
[WhiteElo "2461"]
[BlackElo "2262"]
[TimeControl "180+1"]
[EndTime "12:04:51 PDT"]
[Termination "InitiatingASC won by resignation"]

1. d4 Nf6 2. c4 c5 3. e3 e6 4. Nc3 d5 5. Nf3 a6 6. a3 Nc6 7.
Bd3 dxc4 8. Bxc4 b5 9. Bd3 Bb7 10. O-O cxd4 11. exd4 Bd6 12. Bc2 b4 13. Ne4 Nxe4 14. Bxe4 bxa3 15. bxa3 f5 16. Bd3 Ne7 17. Bc4 Nd5 18. Re1 Qc8 19. Qa4+ Bc6 20. Qb3 Rb8 21. Qa2 O-O 22. Ng5 Rf6 23. Nxe6 Rxe6 24. Bxd5 Bxd5 25. Qxd5 Kf7 26. Qxf5+ Rf6 27. Qd5+ Kf8 28. Bg5 Qd7 29. Qe4 Rg6 30. Bf4 Re8 31. Bxd6+ Rxd6 32. Qxe8+ Qxe8 33. Rxe8+ Kxe8 34. Rd1 Rb6 35. Re1+ Kd7 36. g3 Rb3 37.
Re3 Rb2 38. Rd3 Kd6 39. d5 a5 40. Kg2 a4 41. Kf3 Rb3 42. Ke3 g5 43. Rxb3 axb3 44. Kd3 Kxd5 45. Kc3 g4 46. Kxb3 Kc5 47. Kc3 Kb5 48.
Kd3 Ka4 49. Ke4 1-0

[Event "*** Titled Tuesday Blitz"]
[Site "Chess.com"]
[Date "2021.03.16"]
[Round "11"]
[White "olksuna"]
[Black "vladgoncharov"]
[Result "1-0"]
[WhiteElo "2678"]
[BlackElo "2470"]
[TimeControl "180+1"]
[EndTime "12:04:54 PDT"]
[Termination "olksuna won by checkmate"]

1. e4 e6 2. d4 d5 3. Nc3 Bb4 4. Ne2 dxe4 5. a3 Be7 6. Nxe4 Nd7 7. Be3 Ngf6 8. Nxf6+ Bxf6 9. Qd2 c5 10. O-O-O Qb6 11. g4 h6 12. h4 cxd4 13. Bxd4 Bxd4 14. Nxd4 Nc5 15. Bb5+ Kf8 16. Rhe1 a6 17. Nf5 Qxb5 18. Qd8+ Qe8 19. Qd6+ Kg8 20. Qxc5 Kh7 21. Nd6 Qa4 22. Re4 Qc6 23. Qe3 f5 24. gxf5 exf5 25. Re7 Rg8 26.
Qe5 Qg2 27. Ne8 Kh8 28. Kb1 Qg4 29. Rd6 Be6 30. Rdxe6 Qxh4 31. b3 Qh1+ 32. Kb2 Rc8 33. Rxg7 Rxc2+ 34. Kxc2 Qe4+ 35. Qxe4 fxe4 36. Rxh6# 1-0

[Event "*** Titled Tuesday Blitz"]
[Site "Chess.com"]
[Date "2021.03.16"]
[Round "11"]
[White "hypert"]
[Black "Vasily85"]
[Result "1-0"]
[WhiteElo "2570"]
[BlackElo "2448"]
[TimeControl "180+1"]
[EndTime "12:04:54 PDT"]
[Termination "hypert won on time"]

1. e3 Nf6 2. Nf3 c5 3. a3 e6 4. d4 Nc6 5. c4 cxd4 6. exd4 d5 7. c5 a5 8. Bb5 Bd7 9. O-O b6 10. Qa4 Rc8 11. b4 axb4 12. axb4 Be7 13. Bxc6 Bxc6 14. Qb3 bxc5 15. dxc5 Bb5 16. Re1 O-O 17. Nc3 Bc4 18. Qc2 Nd7 19. Nd2 Qc7 20. Nxc4 dxc4 21. Nb5 Qb7 22.
Qxc4 Bxc5 23. bxc5 Rxc5 24. Nd6 Qc6 25. Qa6 Qd5 26.
Ne4 Rc6 27. Qf1 Ne5 28. Ba3 Rfc8 29. Red1 Qb3 30. Nd6 Ra8 31. Rdb1 Qc2 32. Nb5 g6 33. Nd4 Qe4 34. Nxc6 Nxc6 35. Bb2 Rb8 36. h3 Nb4 37. Bf6 1-0

[Event "*** Titled Tuesday Blitz"]
[Site "Chess.com"]
[Date "2021.03.16"]
[Round "11"]
[White "CSB7"]
[Black "alexrustemov"]
[Result "1-0"]
[WhiteElo "2634"]
[BlackElo "2759"]
[TimeControl "180+1"]
[EndTime "12:04:56 PDT"]
[Termination "CSB7 won by checkmate"]

1. d4 g6 2. c4 Bg7 3. e4 c5 4.
d5 d6 5. Nc3 e5 6. Be2 Bh6 7.
Bg4 Bxc1 8. Rxc1 Nd7 9. Nf3 Ngf6 10. Bh3 O-O 11. O-O a6 12. a4 Nh5 13. g3 Ng7 14.
Qd2 Nf6 15. Bxc8 Qxc8 16. Ne1 Rb8 17. Nd3 b6 18. f4 exf4 19. Qxf4 Nfe8 20. e5 dxe5 21.
Nxe5 Qc7 22. Nc6 Qxf4 23. Rxf4 Rb7 24. Re1 Nf5 25. g4 Nfd6 26. b3 Kg7 27. Ne4 f5 28. Ng5 Kg8 29. Ne6 Rff7 30. Ned8 g5 31. Rf2 fxg4 32. Nxb7 Rxb7 33. Ne7+ Kg7 34. Nf5+ Nxf5 35.
Rxf5 Kg6 36. Rfe5 Ng7 37. Re7 Rb8 38. Ra7 a5 39. Ree7 Nf5 40. Re6+ Kh5 41. Rxh7+ Nh6 42. Rhxh6# 1-0

[Event "*** Titled Tuesday Blitz"]
[Site "Chess.com"]
[Date "2021.03.16"]
[Round "11"]
[White "zajka-molotok"]
[Black "BogdanDeac"]
[Result "0-1"]
[WhiteElo "2555"]
[BlackElo "2966"]
[TimeControl "180+1"]
[EndTime "12:04:57 PDT"]
[Termination "BogdanDeac won on time"]

1. d4 Nf6 2. Bf4 d5 3. e3 c5 4. c3 Nc6 5. Nd2 e6 6. Ngf3 cxd4 7. exd4 Nh5 8. Be3 Bd6 9. Ne5 g6 10. Nd3 Qc7 11. g3 O-O 12. Bg2 b6 13. O-O Bb7 14.
Re1 Rad8 15. Nf3 f6 16. Nd2 Ng7 17. Bh3 e5 18. Rc1 Qf7 19. Bg2 e4 20. Nf4 f5 21.
c4 Bxf4 22. gxf4 Ne6 23. cxd5 Rxd5 24. Nb3 a5 25. Bf1 Ne7 26. Bc4 Rdd8 27. a4 Bd5 28. Nd2 g5 29. fxg5 f4 30. Bxd5 Nxd5 31. Nxe4 fxe3 32. fxe3 Qf5 33. Qd3 Nxg5 34. Rf1 Qxe4 35.
Rxf8+ Rxf8 36. Qxe4 Nxe4 37. Rc6 Nxe3 38. h4 Rf6 39.
Rc8+ Kf7 40. Rc7+ Kg6 41. h5+ Kxh5 42. Rxh7+ Kg4 43. Rg7+ Kf3 44. d5 Nxd5 45. Rg8 Nf4 46. b3 Rd6 47. Kh2 Rh6+ 48. Kg1 Ne2+ 0-1

[Event "*** Titled Tuesday Blitz"]
[Site "Chess.com"]
[Date "2021.03.16"]
[Round "11"]
[White "Manukyan_Artak"]
[Black "Vandros57"]
[Result "1-0"]
[WhiteElo "2372"]
[BlackElo "2204"]
[TimeControl "180+1"]
[EndTime "12:05:01 PDT"]
[Termination "Manukyan_Artak won on time"]

1. e4 c5 2. Nf3 e6 3. c3 d5 4. e5 Bd7 5. d4 Qb6 6. a3 a5 7. Be2 a4 8. O-O Bb5 9. Nbd2 Bxe2 10.
Qxe2 cxd4 11. Nxd4 Nc6 12. N2f3 Bc5 13. Be3 Bxd4 14. Bxd4 Nxd4 15. Nxd4 Ne7 16. Qb5+ Qxb5 17. Nxb5 Kd7 18. f4 Ra6 19. Nd6 Rxd6 20. exd6 Kxd6 21.
b3 b5 22. bxa4 bxa4 23. Rab1 Rc8 24. Rb6+ Kd7 25. Rb7+ Kd6 26. Rb6+ Kd7 27. Ra6 Rxc3 28. Rxa4 Nc6 29. Ra1 d4 30. Kf2 Rc2+ 31. Kf3 f5 32. Rd1 Kd6 33. Ra8 Kd5 34. a4 Rc3+ 35. Kf2 Ke4 36.
Re8 Kxf4 37. Rxe6 d3 38. g3+ Kg5 39. Ke3 Ra3 40. Rxd3 Rxd3+ 41. Kxd3 1-0

[Event "*** Titled Tuesday Blitz"]
[Site "Chess.com"]
[Date "2021.03.16"]
[Round "11"]
[White "gxbg2000"]
[Black "LamaChampetre"]
[Result "0-1"]
[WhiteElo "1987"]
[BlackElo "2221"]
[TimeControl "180+1"]
[EndTime "12:05:01 PDT"]
[Termination "LamaChampetre won by resignation"]

1. e4 c5 2. Nf3 g6 3. d4 cxd4 4. Nxd4 Nc6 5. c3 Bg7 6. Be2 Nf6 7. Bf3 O-O 8. Bf4 d5 9. Nxc6 bxc6 10. exd5 Nxd5 11.
Bxd5 cxd5 12. O-O e5 13. Be3 d4 14. cxd4 exd4 15. Bf4 Qb6 16. Qd2 Be6 17. Na3 Rfc8 18. b3 Qc5 19. Nc4 Bxc4 20. bxc4 Qxc4 21. Rac1 Qa6 22.
h3 Rc3 23. Rb1 Rac8 24. Rfe1 Qc6 25. Rb2 a5 26. Kh2 a4 27. Re7 Bf6 28. Ra7 Rc2 29. Rxc2 Qxc2 30. Qa5 Qxf2 31. Bg3 Qe3 32. Qa6 Qe6 33.
Qb5 Re8 34. Ra6 Qe7 35. Qd3 Be5 36. Rxa4 Bxg3+ 37. Kxg3 Qe3+ 38. Qxe3 dxe3 39. Rf4 e2 0-1

[Event "*** Titled Tuesday Blitz"]
[Site "Chess.com"]
[Date "2021.03.16"]
[Round "11"]
[White "Babas"]
[Black "tylityli"]
[Result "0-1"]
[WhiteElo "2390"]
[BlackElo "2305"]
[TimeControl "180+1"]
[EndTime "12:05:03 PDT"]
[Termination "tylityli won on time"]

1. d4 Nf6 2. Nf3 d5 3. c4 dxc4 4. Nc3 a6 5. a4 e6 6. e4 c5 7. d5 exd5 8. exd5 Bg4 9. Bxc4 Bd6 10. h3 Bh5 11. g4 Bg6 12. O-O O-O 13. Nh4 Ne4 14.
Nxg6 Nxc3 15. bxc3 hxg6 16. Rb1 b6 17. Qf3 Nd7 18.
Bf4 Ne5 19. Bxe5 Bxe5 20. d6 Qxd6 21. Rfd1 Qc7 22. Qe4 Kh7 23. Rd3 Rae8 24. Qf3 a5 25. Kg2 Bf6 26. Rbd1 Re7 27. Bb5 Qe5 28. Re3 Qc7 29.
Rxe7 Qxe7 30. Rd7 Qe5 31. c4 Kg8 32. Bc6 g5 33. Bd5 g6 34. Qd3 Kg7 35. Qf3 Qf4 36.
Qxf4 gxf4 37. Rb7 Bc3 38. Rxb6 Bb4 39. Rb7 g5 40. Kf3 Kf6 0-1

[Event "*** Titled Tuesday Blitz"]
[Site "Chess.com"]
[Date "2021.03.16"]
[Round "11"]
[White "Fortitudine"]
[Black "WilliamSchill"]
[Result "1/2-1/2"]
[WhiteElo "2264"]
[BlackElo "2145"]
[TimeControl "180+1"]
[EndTime "12:05:03 PDT"]
[Termination "Game drawn by repetition"]

1. c4 Nf6 2. g3 g6 3. Bg2 Bg7 4. Nc3 d6 5. e4 c5 6. d3 Nc6 7. Nge2 O-O 8. O-O Bd7 9. h3 Ne8 10. Be3 Nd4 11. Qd2 Nc7 12. Bh6 Nce6 13. Bxg7 Kxg7 14.
f4 Rb8 15. f5 Nxe2+ 16. Nxe2 Nd4 17. Nxd4 cxd4 18. Qf2 Qb6 19. f6+ exf6 20. Qxf6+ Kg8 21. Rab1 Qc5 22. b4 Qe5 23. c5 Qxg3 24. Rf3 Qe5 25. cxd6 Qxf6 26. Rxf6 Be6 27. Rb2 Rbd8 28. e5 Rd7 29.
Rc2 Rfd8 30. a3 Kg7 31. b5 Rxd6 32. Rxf7+ Bxf7 33. exd6 Rxd6 34. Rc7 Rb6 35. a4 a6 36.
Rxb7 Rxb7 37. Bxb7 axb5 38. axb5 Kf6 39. Kf2 Ke5 40. b6 Kd6 41. Be4 h6 42. Kg3 g5 43. h4 Be6 44. hxg5 hxg5 45. b7 Kc7 46. Bf3 Bd7 47. Bg4 Be8 48. Bf3 Bd7 49. Bg4 Be8 50.
Bf3 Bd7 1/2-1/2

[Event "*** Titled Tuesday Blitz"]
[Site "Chess.com"]
[Date "2021.03.16"]
[Round "11"]
[White "Andrakhanova"]
[Black "WiktoriaPOL"]
[Result "1-0"]
[WhiteElo "2232"]
[BlackElo "2096"]
[TimeControl "180+1"]
[EndTime "12:05:06 PDT"]
[Termination "Andrakhanova won on time"]

1. c4 Nf6 2. g3 g6 3. Bg2 Bg7 4. Nc3 O-O 5. Nf3 d6 6. d4 Nc6 7. e4 Bg4 8. h3 Bxf3 9. Bxf3 e5 10. dxe5 dxe5 11. O-O Nd4 12. Bg2 c5 13. Be3 Qd7 14. Kh2 Rad8 15. Nd5 Nxd5 16. exd5 f5 17. Qd2 Rde8 18.
Rae1 Qd6 19. Bh6 Bxh6 20. Qxh6 f4 21. Re4 fxg3+ 22. fxg3 Rxf1 23. Bxf1 Qf6 24. Bg2 Qf2 25. Qe3 Qxb2 26. h4 Qxa2 27. Kh3 Nf5 28. Qxc5 Qb3 29.
Rg4 Ne3 30. Rg5 Nxg2 31. Kxg2 Qc2+ 32. Kh3 Qe4 33. h5 Rf8 34. d6 Rf1 35. Qd5+ Qxd5 36. cxd5 Rd1 37. Rxe5 Kg7 38. d7 Rh1+ 39. Kg2 Rd1 40.
d8=Q 1-0

[Event "*** Titled Tuesday Blitz"]
[Site "Chess.com"]
[Date "2021.03.16"]
[Round "11"]
[White "kubal123"]
[Black "Kurkusha"]
[Result "0-1"]
[WhiteElo "2260"]
[BlackElo "2359"]
[TimeControl "180+1"]
[EndTime "12:05:07 PDT"]
[Termination "Kurkusha won by resignation"]

1. e4 e5 2. Nf3 Nc6 3. Bb5 Nf6 4. O-O Nxe4 5. Re1 Nd6 6. Bxc6 dxc6 7. Nxe5 Be7 8. d4 O-O 9. Bf4 Nf5 10. c3 c5 11.
dxc5 Bxc5 12. Nd2 Bd6 13. Ndc4 Be6 14. Nxd6 Nxd6 15. Qf3 Qf6 16. Bg3 Qxf3 17. Nxf3 Nc4 18. b3 Na3 19. Nd4 Rfe8 20. Bxc7 Rac8 21. Bd6 Nc2 22.
Nxc2 Rxc3 23. Ne3 Rec8 24. Be5 R3c6 25. Rad1 f6 26. Bb2 Kf7 27. Rd2 a5 28. h3 b5 29. Red1 a4 30. bxa4 b4 31. Nd5 Rb8 32. Nf4 Bxa2 33. Rd7+ Kf8 34. Nh5 Bf7 35. Ng3 Rc2 36.
R7d2 b3 37. Ne4 Rc4 38. Nd6 Rxa4 39. Nxf7 Kxf7 40. Rb1 Ra2 41. Kf1 Rc8 42. Ke2 Rc2 43. Kd1 Rc5 44. Bd4 Rd5 45. Rd3 Rxf2 46. Bxf2 Rxd3+ 47. Ke2 Rc3 48. Bd4 Rc2+ 49. Kf3 Rd2 50. Bc3 Rd3+ 51. Ke2 Rxc3 52. Kd2 Rc2+ 53. Kd3 Rxg2 54.
Rxb3 Rg3+ 0-1

[Event "*** Titled Tuesday Blitz"]
[Site "Chess.com"]
[Date "2021.03.16"]
[Round "11"]
[White "Anton_Demchenko"]
[Black "Konavets"]
[Result "0-1"]
[WhiteElo "2885"]
[BlackElo "2952"]
[TimeControl "180+1"]
[EndTime "12:05:08 PDT"]
[Termination "Konavets won by checkmate"]

1. e4 a6 2. d4 b5 3. Bd3 Bb7 4. Nf3 e6 5. O-O Be7 6. Re1 Nf6 7. e5 Nd5 8. c3 d6 9. a4 dxe5 10. Nxe5 b4 11. Qg4 Bf6 12. Nd2 Nd7 13. Nxd7 Qxd7 14. Ne4 Be7 15. Qh3 O-O-O 16. Bd2 g5 17. Bc4 Nf4 18.
Bxf4 gxf4 19. Qd3 Qc6 20. f3 Rhg8 21. Kh1 Kb8 22. cxb4 Bxb4 23. Rec1 Qb6 24. a5 Qxd4 25.
Qe2 f5 26. Bxa6 Bxe4 27. fxe4 Qxe4 28. Qf1 c6 29. Ra4 Rd4 30. Be2 Qe3 31. Bf3 e5 32. a6 e4 33. a7+ Ka8 34. Bh5 Qd3 35. Bf7 Qxf1+ 36. Rxf1 Rgd8 37. Be6 e3 38. Bxf5 e2 39. Rg1 Rd1 40. Bg4 Rxg1+ 41. Kxg1 e1=Q# 0-1

[Event "*** Titled Tuesday Blitz"]
[Site "Chess.com"]
[Date "2021.03.16"]
[Round "11"]
[White "Darius321"]
[Black "PawnEatingZombie"]
[Result "1-0"]
[WhiteElo "2292"]
[BlackElo "2196"]
[TimeControl "180+1"]
[EndTime "12:05:08 PDT"]
[Termination "Darius321 won on time"]

1. e4 c6 2. d4 d5 3. exd5 cxd5 4. c4 Nf6 5. Nc3 g6 6. cxd5 Bg7 7. Bb5+ Nbd7 8. d6 exd6 9. Qe2+ Qe7 10. Bf4 Qxe2+ 11.
Ngxe2 a6 12. Bxd7+ Kxd7 13. O-O-O b5 14. Kb1 Bb7 15. f3 Rhe8 16. Rhe1 Nd5 17. Nxd5 Bxd5 18. Nc3 Bb7 19. Ne4 Bxe4+ 20. fxe4 Rac8 21. Bg3 Rc4 22. Bf2 b4 23. b3 Rc3 24. Re2 a5 25. Rc1 Rxc1+ 26.
Kxc1 Rc8+ 27. Rc2 Rxc2+ 28. Kxc2 f5 29. Kd3 Bf6 30. exf5 gxf5 31. d5 Bd8 32. Bd4 Kc7 33. Ke3 Bg5+ 34. Kf3 Kb7 35. g3 Ka6 36. g4 fxg4+ 37. Kxg4 Bd2 38. Kf5 Bc3 39. Be3 Be5 40.
h4 Kb5 41. h5 a4 42. h6 axb3 43.
axb3 Ka6 44. Ke6 Kb7 45. Kf7 1-0

[Event "*** Titled Tuesday Blitz"]
[Site "Chess.com"]
[Date "2021.03.16"]
[Round "11"]
[White "mbachez"]
[Black "nss13"]
[Result "0-1"]
[WhiteElo "2489"]
[BlackElo "2607"]
[TimeControl "180+1"]
[EndTime "12:05:11 PDT"]
[Termination "nss13 won by checkmate"]

1. e4 c5 2. Nf3 e6 3. g3 Nc6 4. Bg2 d5 5. exd5 Qxd5 6. Nc3 Qd8 7. O-O Nf6 8. d3 Be7 9. Re1 O-O 10. h4 h6 11. Bd2 Rb8 12. Bf4 Bd6 13. Bxd6 Qxd6 14. a4 b6 15. Nd2 Bb7 16. Nb5 Qe7 17. Nc4 Rfd8 18. a5 a6 19. Nc3 b5 20. Bxc6 bxc4 21. Bxb7 Qxb7 22. Na4 cxd3 23. Nxc5 Qxb2 24. Nxd3 Qc3 25.
Qe2 Rb5 26. Ne5 Rd2 27. Qc4 Qxc4 28. Nxc4 Rdd5 29. Ne3 Rdc5 30. Red1 Rxa5 31. Rd8+ Kh7 32. Rad1 Ra3 33. Rf8 Rc7 34. Rdd8 h5 35. Ng2 Ra1+ 36.
Kh2 Ng4+ 37. Kh3 Rh1# 0-1

[Event "*** Titled Tuesday Blitz"]
[Site "Chess.com"]
[Date "2021.03.16"]
[Round "11"]
[White "juli2512"]
[Black "SergeyShtyka"]
[Result "1/2-1/2"]
[WhiteElo "2231"]
[BlackElo "2411"]
[TimeControl "180+1"]
[EndTime "12:05:11 PDT"]
[Termination "Game drawn by repetition"]

1. e4 c5 2. d3 g6 3. Nc3 Bg7 4. g3 Nc6 5. Bg2 e6 6. f4 Nge7 7. Nf3 O-O 8. O-O Rb8 9. Be3 d6 10. Qd2 b5 11. Nd1 b4 12. a3 a5 13. axb4 axb4 14.
Rb1 Bb7 15. Nf2 Ra8 16. g4 f5 17. Ng5 Qd7 18. gxf5 gxf5 19. Qe2 h6 20. Nf3 fxe4 21. dxe4 Ba6 22. Qd2 Bxf1 23. Bxf1 Ra2 24. f5 Rxb2 25. Rxb2 Bxb2 26. Bxh6 exf5 27. Qg5+ Kf7 28. Bxf8 Kxf8 29.
Qh6+ Bg7 30. Qh3 Ne5 31. Nxe5 dxe5 32. Bc4 Qd4 33. Be6 fxe4 34. Qh5 Ng6 35. Qxg6 Ke7 36.
Qf7+ Kd8 37. Qxg7 e3 38. Qf8+ Kc7 39. Qc8+ Kb6 40. Qb8+ Ka5 41. Qa7+ Kb5 42. Qb7+ Ka5 43. Qa7+ Kb5 44. Qb7+ Ka5 45. Qa7+ 1/2-1/2

[Event "*** Titled Tuesday Blitz"]
[Site "Chess.com"]
[Date "2021.03.16"]
[Round "11"]
[White "jfriedel"]
[Black "KuzubovYuriy"]
[Result "1/2-1/2"]
[WhiteElo "2720"]
[BlackElo "2863"]
[TimeControl "180+1"]
[EndTime "12:05:16 PDT"]
[Termination "Game drawn by repetition"]

1. d4 Nf6 2. c4 e6 3. Nc3 Bb4 4. Nf3 c5 5. g3 cxd4 6. Nxd4 Ne4 7. Qd3 Bxc3+ 8. bxc3 Nc5 9. Qf3 d6 10. Bg2 Nbd7 11. O-O Ne5 12. Qf4 Bd7 13. Rd1 O-O 14. Nb5 Bxb5 15. cxb5 Rc8 16. Bb2 Qf6 17. Qd4 b6 18. c4 Na4 19. Ba3 Nxc4 20. Qxf6 gxf6 21. Bxd6 Nxd6 22. Rxd6 Rfd8 23. Rxd8+ Rxd8 24. Rc1 Nc5 25. Bf3 Rd2 26. Rc4 Rxa2 27. Rd4 Kg7 28. Rd8 Rb2 29. Ra8 Rxb5 30. Rxa7 Ra5 31. Rc7 Kg6 32. Bc6 Na6 33.
Rb7 Nc5 34. Rxb6 Ra2 35. Bf3 f5 36. Rc6 Nb3 37. Rc7 Nd4 38. Kf1 h5 39. h4 f4 40. Rd7 Nxf3 41. exf3 fxg3 42. fxg3 e5 43. Rd6+ f6 44. Rc6 Kf5 45. Rb6 Rc2 46. Ra6 Rb2 47. Rc6 Ra2 48. Rb6 Rc2 49. Ra6 Rd2 50. Rb6 Rc2 1/2-1/2

[Event "*** Titled Tuesday Blitz"]
[Site "Chess.com"]
[Date "2021.03.16"]
[Round "11"]
[White "Maddie"]
[Black "abeljusto"]
[Result "0-1"]
[WhiteElo "2053"]
[BlackElo "2165"]
[TimeControl "180+1"]
[EndTime "12:05:16 PDT"]
[Termination "abeljusto won on time"]

1. d4 Nf6 2. Nf3 g6 3. c4 c5 4. d5 b5 5. Bf4 d6 6. cxb5 Bg7 7. Nc3 O-O 8. e4 a6 9. bxa6 Qa5 10. Qc2 Bxa6 11. Bxa6 Qxa6 12. Qe2 Qxe2+ 13. Kxe2 Nbd7 14. Nd2 Rfb8 15. Rab1 Nh5 16. Be3 Bxc3 17. bxc3 Rxa2 18. Rxb8+ Nxb8 19. Rb1 Ra8 20. Bh6 Nf6 21. Rb7 Nfd7 22. Nc4 f6 23. Bd2 Kf7 24. f4 Ke8 25. g4 Kd8 26. h4 Kc8 27. Rb2 Ra1 28. f5 Rh1 29. Be1 Kc7 30. Bf2 Ra1 31. g5 gxf5 32. exf5 Ne5 33.
Nxe5 fxe5 34. f6 exf6 35. gxf6 Nd7 36. f7 Ra8 37. Ke3 Rf8 38. c4 Rxf7 39. Ra2 Kb7 40. Rb2+ Nb6 41. Rb5 Ka6 42. Be1 Nxc4+ 43. Kd3 Kxb5 0-1

[Event "*** Titled Tuesday Blitz"]
[Site "Chess.com"]
[Date "2021.03.16"]
[Round "11"]
[White "Matols"]
[Black "MartinMatthiesen"]
[Result "0-1"]
[WhiteElo "2284"]
[BlackElo "2390"]
[TimeControl "180+1"]
[EndTime "12:05:17 PDT"]
[Termination "MartinMatthiesen won on time"]

1. d4 d5 2. c4 e6 3. Nf3 Nf6 4.
g3 c5 5. Bg2 Nc6 6. O-O cxd4 7.
cxd5 exd5 8. Nxd4 Bc5 9. Nxc6 bxc6 10. Qc2 Qb6 11. Nc3 Bd6 12. Be3 Qa6 13. Bd4 Be7 14. e4 Be6 15. exd5 cxd5 16. Bxf6 Bxf6 17. Nxd5 Bxd5 18.
Bxd5 Rc8 19. Rfe1+ Kf8 20. Qb3 Qb6 21. Qa3+ Kg8 22.
Rac1 Rd8 23. Bc4 g6 24. Qf3 Kg7 25. b3 Rd2 26. Re2 Rhd8 27. Rce1 R8d7 28. h4 h5 29. Kg2 a5 30. Rxd2 Rxd2 31. Re2 Rd7 32. Qe4 Qc5 33. Qe8 Re7 34. Rxe7 Qxe7 35. Qxe7 Bxe7 36. Kf3 Bc5 37. Ke2 f5 38. f3 Kf6 39. Kf1 Ke5 40. Ke2 f4 41.
gxf4+ Kxf4 42. Bf7 g5 0-1

[Event "*** Titled Tuesday Blitz"]
[Site "Chess.com"]
[Date "2021.03.16"]
[Round "11"]
[White "enriquetejedor"]
[Black "fabianvivasz"]
[Result "1-0"]
[WhiteElo "2542"]
[BlackElo "2401"]
[TimeControl "180+1"]
[EndTime "12:05:18 PDT"]
[Termination "enriquetejedor won on time"]

1. d4 Nf6 2. Nc3 d5 3. g3 c5 4. Nf3 Nc6 5. Bg2 cxd4 6. Nxd4 e5 7. Nxc6 bxc6 8. O-O Be6 9. e4 d4 10. Na4 Bc4 11.
Re1 Bb5 12. b3 Bxa4 13. bxa4 Bb4 14. Re2 Qa5 15. Qd3 Qxa4 16. Qc4 Qb5 17. Qxb5 cxb5 18.
Rb1 a5 19. a3 Bd6 20. Rxb5 Kd7 21. f4 Kc6 22. a4 Nd7 23. Bd2 Rhb8 24. Rxa5 Rxa5 25. Bxa5 Ra8 26. Be1 Rxa4 27. c3 d3 28. Rd2 Nc5 29. f5 Kb5 30. Bf1 Kc4 31. Bf2 Ra1 32.
Bxc5 Bxc5+ 33. Kg2 Kxc3 34. Rxd3+ Kc2 35. Rd7 Ra7 36.
Rd8 Bd4 37. Rg8 f6 38. Rh8 h6 39. Kf3 Kd2 40. Rc8 1-0